 Dungeon Crawl Stone Soup version 0.30-a0-1164-ge08a67761e (webtiles) character file.

Game seed: 9679332123518336004

16726 Lavandula the Basher (level 12, -3/89 HPs)
             Began as a Mummy Delver on Apr 29, 2023.
             Was a High Priest of Kikubaaqudgha.
             Slain by a dire elephant simulacrum (22 damage)
             ... in an ice cave.
             The game lasted 00:35:06 (15866 turns).

Lavandula the Basher (Mummy Delver)                Turns: 15866, Time: 00:35:06

Health: -3/89      AC:  8    Str: 12    XL:     12   Next: 12%
Magic:  0/12       EV: 12    Int: 13    God:    Kikubaaqudgha [*****.]
Gold:   342        SH:  5    Dex: 16    Spells: 2/11 levels left

rFire   . . .        w - +5 hammer of Revolt {heavy, rElec rC+ Str-4 Dex+2}
rCold   + + +        F - +0 buckler
rNeg    + + +        D - +1 robe {rC+}
rPois   ∞            (no helmet)
rElec   +            v - +0 cloak
rCorr   .            B - +1 pair of gloves
SInv    +            I - +0 pair of boots
Will    +....        i - amulet of guardian spirit
Stlth   +++          k - ring of protection from fire
HPRegen 0.34/turn    m - ring of see invisible
MPRegen 0.13/turn

%: guardian spirit, faith
@: no status effects
A: cold resistance 1, negative energy resistance 3, torment resistance 2, heat
vulnerability 1, in touch with death 1, no potions, faith
a: Renounce Religion, Unearth Wretches, Torment


You were in an ice cave.
You worshipped Kikubaaqudgha.
Kikubaaqudgha was extremely pleased with you.
You visited 3 branches of the dungeon, and saw 13 of its levels.
You also visited: Ice Cave.

You collected 740 gold pieces.
You spent 398 gold pieces at shops.

Inventory:

Hand Weapons
 e - the +3 arbalest "Holoph" {penet, rElec rN+ Will+}
   (You found it on level 11 of the Dungeon)

   rElec:     It insulates you from electricity.
   rN:        It protects you from negative energy.
   Will:      It increases your willpower.
 l - a +0 mace of protection
 n - a +2 whip of electrocution
 w - the +5 hammer of Revolt (weapon) {heavy, rElec rC+ Str-4 Dex+2}
   (You found it on level 5 of the Dungeon)

   Str:       It affects your strength (-4).
   Dex:       It affects your dexterity (+2).
   rC:        It protects you from cold.
   rElec:     It insulates you from electricity.
 x - a +4 hammer of protection
 C - the +8 rapier "Owkiac" {freeze, rN+ Will+}
   (You bought it in a shop on level 6 of the Dungeon)

   rN:        It protects you from negative energy.
   Will:      It increases your willpower.
 J - a +3 dagger
Missiles
 g - 9 boomerangs (quivered)
 G - 32 poisoned darts
Armour
 v - a +0 cloak (worn)
 A - +0 steam dragon scales
 B - a +1 pair of gloves (worn)
 D - a +1 robe of cold resistance (worn)
 F - a +0 buckler (worn)
 I - a +0 pair of boots (worn)
Jewellery
 i - an amulet of guardian spirit (around neck)
 k - a ring of protection from fire (left hand)
 m - a ring of see invisible (right hand)
 p - an amulet of reflection
Wands
 d - a wand of mindburst (6)
 f - a wand of digging (3)
 o - a wand of charming (22)
 s - a wand of polymorph (11)
Scrolls
 a - 2 scrolls of enchant weapon
 c - 4 scrolls of fog
 j - 5 scrolls of identify
 t - a scroll of magic mapping
 u - 3 scrolls of teleportation
 y - 4 scrolls of vulnerability
 z - a scroll of torment
 E - a scroll of immolation


   Skills:
 - Level 6.6 Fighting
 - Level 9.0 Short Blades
 - Level 9.0 Maces & Flails
 + Level 3.0 Throwing
 - Level 5.6 Armour
 - Level 3.3 Dodging
 - Level 4.1 Stealth
 - Level 3.0 Shields
 - Level 4.8 Necromancy
 - Level 4.4 Evocations


You had 2 spell levels left.
You knew the following spells:

 Your Spells              Type           Power      Damage    Failure   Level
a - Kiss of Death         Conj/Necr      36%        2d8       16%         1
b - Animate Dead          Necr           19%        N/A       50%         4
c - Anguish               Hex/Necr       4%         N/A       83%         4

Your spell library contained the following spells:

 Spells                   Type           Power      Damage    Failure   Level
 Necrotise                Necr           76%        1d7       6%          1
 Cigotuvi's Dreadful Rot  Necr/Pois/Air  12%        N/A       32%         2
 Freeze                   Ice            0%         1d3       38%         1
 Static Discharge         Conj/Air       0%         2-2/arc   54%         2
 Vampiric Draining        Necr           19%        2d7       17%         3
 Dispel Undead            Necr           19%        3d11      50%         4
 Frozen Ramparts          Ice            0%         1d1       77%         3
 Hailstorm                Conj/Ice       0%         3d3       77%         3
 Ignite Poison            Fire/Tmut/Pois 0%         N/A       77%         3
 Airstrike                Air            0%         2d(0-16)  99%         4
 Summon Lightning Spire   Summ/Air       0%         N/A       99%         4
 Borgnjor's Vile Clutch   Necr/Erth      4%         N/A       99%         5
 Freezing Cloud           Conj/Ice/Air   0%         6-21      100%        5
 Simulacrum               Ice/Necr       4%         N/A       100%        6


Dungeon Overview and Level Annotations

Branches:
Dungeon (11/15)            Temple (1/1) D:4            Lair (1/5) D:10
    Orc (0/2) D:11          IceCv (1/1)

Altars:
Ashenzari
Cheibriados
Dithmenos
Fedhas
Gozag
Hepliaklqana
Kikubaaqudgha
Makhleb
Nemelex Xobeh
Okawaru
Qazlal
Ru
Sif Muna
Trog
Uskayaw
Vehumet
Wu Jian
Xom
Yredelemnul

Shops:
D:2 (   D:6 (   D:10 (

Portals:
Abyss: D:11

Annotations:
D:4 1 runed translucent door, Numeracy's ghost, novice TrTm
D:10 4 runed translucent doors
D:11 2 transporters, Noutyn's ghost, novice DgHu


Innate Abilities, Weirdness & Mutations

You are immune to poison.
Your flesh is cold resistant. (rC+)
You are immune to negative energy. (rN+++)
You are immune to unholy pain and torment.
You are vulnerable to heat. (rF-)
You are in touch with the powers of death.
You do not drink.
You have a special connection with the divine. (Faith)


Message History

You hold your ground!
The dire elephant simulacrum trunk-slaps you but does no damage.
The dire elephant simulacrum tramples you.
You hold your ground!
The dire elephant simulacrum trunk-slaps you.
The dire elephant simulacrum freezes you.
You resist.
You hit the dire elephant simulacrum but do no damage.
The dire elephant simulacrum is severely damaged.
You block the dire elephant simulacrum's attack.
The dire elephant simulacrum trunk-slaps you!
The dire elephant simulacrum freezes you.
You resist.
Unknown command.
You sock the dire elephant simulacrum!
The dire elephant simulacrum is severely damaged.
You block the dire elephant simulacrum's attack.
The dire elephant simulacrum trunk-slaps you.
The dire elephant simulacrum freezes you.
You resist.
Unknown command.
You sock the dire elephant simulacrum!
The dire elephant simulacrum is almost destroyed.
The dire elephant simulacrum tramples you!!
* * * LOW HITPOINT WARNING * * *
You hold your ground!
The dire elephant simulacrum trunk-slaps you.
* * * LOW HITPOINT WARNING * * *
The dire elephant simulacrum freezes you.
You resist.
* * * LOW HITPOINT WARNING * * *
Okay, then.
Aiming: Mindburst
Press: ? - help, Shift-Dir - straight line, f - you, p - dire elephant simulacrum
Okay, then.
You hit the dire elephant simulacrum but do no damage.
The dire elephant simulacrum is almost destroyed.
The dire elephant simulacrum tramples you!!
You die...
Kikubaaqudgha rasps: "You have failed me!
Welcome... oblivion!"

#### ##########
#..########...##@Z.### ##
##..#..#...##...##...#### #/#
####.##..##########.....###.#
...#####..# ##.....#.#
.#...#..### ##.....#
####..### #...##.# ####
#...###≈≈≈# ...### ≈≈≈## ..##
≈≈#≈≈


You could see a dire elephant simulacrum.

Vanquished Creatures
  3 two-headed ogres
  Pikel (D:4)
  An ugly thing (D:11)
  A manticore (D:11)
  An ice statue (IceCv)
  2 gargoyles (D:10)
  3 komodo dragons
  A kobold demonologist (D:11)
  2 unseen horrors
  2 ice devils (Lair:1)
  Grinder (D:5)
  A troll (D:11)
  A hornet (D:9)
  Sigmund (D:6)
  2 wyverns
  14 yaks
  Grum (D:8)
  2 steam dragons
  4 vampire mosquitoes (D:10)
  A death yak simulacrum (IceCv)
  Menkaure (D:6)
  A warg (D:11)
  A water moccasin (D:8)
  An acid dragon (D:10)
  2 hydra simulacra (IceCv)
  3 sky beasts
  7 orc warriors
  2 ice beasts
  2 centaurs
  2 phantoms
  5 kobold brigands
  4 bullfrogs
  A two-headed ogre simulacrum (IceCv)
  2 gnoll sergeants
  7 scorpions
  A cane toad simulacrum (IceCv)
  10 wights (D:7)
  8 killer bees (D:10)
  An elephant simulacrum (IceCv)
  7 howler monkeys
  A gnoll bouda (D:8)
  2 jellies
  8 orc priests
  Crazy Yiuf (D:5)
  9 hounds
  4 sleepcaps
  8 iguanas
  12 orc wizards
  4 spriggan simulacra (IceCv)
  A wolf simulacrum (IceCv)
  3 polar bear simulacra (IceCv)
  10 troll simulacra (IceCv)
  11 adders
  9 gnolls
  2 naga simulacra (IceCv)
  5 white imps
  5 ufetubi (IceCv)
  2 worms
  A dart slug (D:1)
  32 orcs
  11 endoplasms
  4 giant cockroaches
  4 goblins
  7 hobgoblins
  7 jackals
  13 kobolds
  6 quokkas
  7 ball pythons
  8 bats
  3 frilled lizards
  3 rats
316 creatures vanquished.

Vanquished Creatures (collateral kills)
  A yak (D:8)
  A dire elephant simulacrum (IceCv)
  An ogre (D:5)
  A wolf (D:8)
  A wolf simulacrum (IceCv)
  2 orcs (D:8)
7 creatures vanquished.

Vanquished Creatures (others)
  A yak (D:8)
  A harpy simulacrum (IceCv)
  A wolf (D:8)
  A fungus (D:5)
  6 plants
10 creatures vanquished.

Grand Total: 333 creatures vanquished

Notes
Turn   | Place    | Note
-------+----------+-------------------------------------------
     0 | D:5      | Lavandula the Mummy Delver began the quest for the Orb.
     0 | D:5      | Reached XP level 1. HP: 18/18 MP: 1/1
    40 | D:5      | Noticed a phantom
   245 | D:3      | Found a sacrificial altar of Ru.
   312 | D:3      | Reached XP level 2. HP: 19/24 MP: 2/2
   509 | D:1      | Gained mutation: You are in touch with the powers of death.
                  | [Mummy growth]
   509 | D:1      | Reached XP level 3. HP: 12/29 MP: 3/3
  1417 | D:2      | Reached skill level 1 in Maces & Flails
  1445 | D:2      | Reached XP level 4. HP: 35/35 MP: 4/4
  1636 | D:2      | Found a faded altar of an unknown god.
  1640 | D:2      | Found Onwasyo's Antique Weapon Boutique.
  1670 | D:2      | Bought a glowing dagger for 155 gold pieces
  2100 | D:3      | Reached XP level 5. HP: 21/41 MP: 5/5
  2346 | D:3      | Found an ancient bone altar of Kikubaaqudgha.
  2347 | D:3      | Found a blossoming altar of Fedhas.
  2544 | D:4      | Found a staircase to the Ecumenical Temple.
  2551 | D:4      | Found a runed translucent door.
  2578 | D:4      | Noticed Numeracy's ghost (novice TrTm)
  2672 | Temple   | Entered the Ecumenical Temple
  2908 | D:4      | Reached XP level 6. HP: 47/47 MP: 6/6
  3182 | D:4      | Noticed Pikel
  3191 | D:4      | Killed Pikel
  3192 | D:4      | Reached XP level 7. HP: 47/52 MP: 7/7
  3389 | D:5      | Reached XP level 8. HP: 57/58 MP: 8/8
  3557 | D:5      | Noticed a two-headed ogre
  3574 | D:5      | Killed a two-headed ogre
  3809 | D:5      | Noticed Grinder
  3814 | D:5      | Killed Grinder
  4187 | D:5      | Found a runed translucent door.
  4188 | D:5      | Noticed Crazy Yiuf
  4196 | D:5      | Killed Crazy Yiuf
  4205 | D:5      | Identified the +5 hammer of Revolt {heavy, rElec rC+ Str-4
                  | Dex+2}
  4339 | D:6      | Reached XP level 9. HP: 66/66 MP: 9/9
  4414 | D:6      | Noticed Sigmund
  4428 | D:6      | Reached skill level 5 in Fighting
  4969 | D:7      | Reached skill level 1 in Armour
  5360 | D:6      | Noticed Menkaure
  5383 | D:6      | Killed Menkaure
  5718 | D:3      | Became a worshipper of Kikubaaqudgha
  5812 | D:6      | Noticed a komodo dragon
  5824 | D:6      | Killed a komodo dragon
  5825 | D:6      | Reached skill level 5 in Armour
  6032 | D:6      | Reached XP level 10. HP: 66/77 MP: 8/10
  6253 | D:6      | Killed Sigmund
  6478 | D:6      | Found a hide-covered altar of Uskayaw.
  6857 | D:6      | Found Waukh's Antique Weapon Shoppe.
  6861 | D:6      | Bought an iridescent rapier for 243 gold pieces
  6861 | D:6      | Identified the +8 rapier "Owkiac" {freeze, rN+ Will+} (You
                  | bought it in a shop on level 6 of the Dungeon)
  7142 | D:7      | Reached * piety under Kikubaaqudgha
  7142 | D:7      | Received a gift from Kikubaaqudgha
  7309 | D:7      | Found a basalt altar of Yredelemnul.
  7833 | D:8      | Identified the staff of cold "Plog" {rC+ rN+ Str+3}
  7850 | D:8      | Reached skill level 5 in Short Blades
  7874 | D:8      | Noticed Grum
  8090 | D:8      | Killed Grum
  8090 | D:8      | Reached ** piety under Kikubaaqudgha
  8093 | D:8      | Learned a level 1 spell: Kiss of Death
  8104 | D:8      | Learned a level 4 spell: Animate Dead
  8344 | D:8      | Noticed Maurice
  8368 | D:8      | Maurice changed into Maurice the wyvern
  8368 | D:8      | Noticed Maurice
  8382 | D:8      | Killed Maurice the wyvern
  8525 | D:8      | Found a bloodstained altar of Trog.
  8819 | D:9      | Noticed a two-headed ogre
  8829 | D:9      | Killed a two-headed ogre
  8974 | D:9      | Reached XP level 11. HP: 28/83 MP: 5/11
  9384 | D:9      | Reached *** piety under Kikubaaqudgha
  9384 | D:9      | Received a gift from Kikubaaqudgha
 10211 | D:10     | Entered Level 10 of the Dungeon
 10329 | D:10     | Found a large runed translucent door.
 10329 | D:10     | Noticed a centaur warrior
 10330 | D:10     | Found a large runed translucent door.
 10352 | D:11     | Noticed a white ugly thing
 10385 | D:11     | Killed a white ugly thing
 10386 | D:11     | Reached skill level 1 in Shields
 10982 | D:10     | Noticed a deep elf pyromancer
 11005 | D:10     | Found an iron altar of Okawaru.
 11084 | D:11     | Reached skill level 1 in Evocations
 11131 | D:11     | Found a transporter.
 11348 | D:11     | Found a staircase to the Orcish Mines.
 11436 | D:11     | Found a transporter.
 11444 | D:11     | Noticed a hell hog
 11464 | D:11     | Reached **** piety under Kikubaaqudgha
 11470 | D:11     | Learned a level 4 spell: Anguish
 11659 | D:11     | Identified the +3 arbalest "Holoph" {penet, rElec rN+
                  | Will+}
 11919 | D:11     | Found a one-way gate to the infinite horrors of the Abyss.
 11930 | D:11     | Noticed Noutyn's ghost (novice DgHu)
 12409 | D:10     | Found a large runed translucent door.
 12411 | D:10     | Found a large runed translucent door.
 12520 | D:10     | Found Keef Kism's Antique Weapon Shop.
 12549 | D:10     | Noticed a two-headed ogre
 12709 | D:10     | Reached skill level 1 in Necromancy
 12710 | D:10     | Noticed a two-headed ogre
 12743 | D:10     | Killed a two-headed ogre
 13095 | D:10     | Found a staircase to the Lair.
 13420 | Lair:1   | Entered Level 1 of the Lair of Beasts
 13566 | Lair:1   | Found a frozen archway.
 13667 | IceCv    | Entered an ice cave
 13732 | IceCv    | Reached XP level 12. HP: 85/89 MP: 9/12
 14218 | IceCv    | Reached skill level 1 in Throwing
 14224 | IceCv    | Reached ***** piety under Kikubaaqudgha
 15568 | IceCv    | HP: 2/89 [harpy simulacrum (4)]
 15866 | IceCv    | Slain by a dire elephant simulacrum

Illustrated notes

Levels and vault maps discovered:
D:1:      minmay_arrival_semitransparent, layout_basic, minmay_tromino_v4_b
D:2:      layout_rooms, serial_shops, shop, basic_ecumenical_altar
D:3:      layout_loops_ring, mainiacjoe_overflow_surrounded_room,
          grunt_temple_overflow_growth_and_decay, kennysheep_generic_room_2
D:4:      layout_basic, temple_pool_b, ebering_ghost_sewer_d, uniq_pikel
D:5:      layout_gridville, mainiacjoe_overflow_six_doors_small, uniq_grinder,
          uniq_crazy_yiuf_cottage
D:6:      cheibrodos_fzero, layout_loops_cross, eat_drink_and_be_merry_uskayaw,
          serial_shops, nicolae_shop_back_alley_shop, nicolae_nh_ransacked_shop,
          uniq_sigmund, uniq_menkaure
D:7:      layout_basic, mainiacjoe_overflow_tiny_flanked,
          hangedman_minor_gate_pass
D:8:      layout_basic, trog_butcher_becter, uniq_grum, uniq_maurice
D:9:      layout_basic
D:10:     minmay_the_grid_triangle_9x9_rhombus_full
          [minmay_the_grid_triangle_9x9_corrupted_corridor,
          minmay_the_grid_triangle_9x9_longest,
          minmay_the_grid_triangle_9x9_stretched_checkered,
          minmay_the_grid_triangle_9x9_swiss_cheese,
          minmay_the_grid_triangle_9x9_impossible_snake,
          minmay_the_grid_triangle_9x9_alien,
          minmay_the_grid_triangle_9x9_limited_checkers,
          minmay_the_grid_triangle_9x9_prize_top_heavy], layout_loops_ring,
          okawaru_trees_2, david_lair_shrubbed, serial_shops, shop,
          hangedman_abyss_or_decor_slice, minmay_hollow_rounded_squares
D:11:     layout_stronghold, david_orc_3, gammafunk_ghost_abyssal_escape
Temple:   nicolae_temple_ecumenical_triangle
Lair:1:   layout_gridlike, portal_ice_cave_demonic_guard,
          chequers_serial_rivers_large_a, uniq_amaemon
IceCv:    ice_cave_caverns_01

Skill      XL: |  1  2  3  4  5  6  7  8  9 10 11 12 |
---------------+-------------------------------------+-----
Short Blades   | 2 3 7 9 |  9.0
Maces & Flails | 1 2 4 6 7 9 |  9.0
Fighting       | 4 6 |  6.6
Armour         | 5 |  5.6
Dodging        | 3 |  3.3
Shields        | 3 |  3.0
Evocations     | 4 |  4.4
Necromancy     | 4 |  4.8
Throwing       | 3 |  3.0
Stealth        | |  4.1

Action                     |  1- 3 |  4- 6 |  7- 9 | 10-12 || total
---------------------------+-------+-------+-------+-------++-------
  Melee: Short sword       |    49 |       |       |       ||    49
         Dagger            |    64 |       |       |       ||    64
         Mace              |    57 |    43 |   134 |   243 ||   477
         Whip              |       |   118 |    77 |       ||   195
         Punch             |       |       |     2 |     5 ||     7
         Rapier            |       |       |       |   494 ||   494
  Throw: Boomerang         |     3 |     1 |    11 |    74 ||    89
         Dart              |       |       |       |    33 ||    33
  Evoke: Wand              |     6 |     3 |    12 |    35 ||    56
    Use: Scroll            |     1 |       |       |    14 ||    15
   Stab: Sleeping          |     3 |       |       |     3 ||     6
         Distracted        |       |       |     1 |       ||     1
 Armour: Leather armour    |     6 |       |       |       ||     6
         Chain mail        |   114 |    68 |    88 |   232 ||   502
         Robe              |       |       |       |   117 ||   117
         Steam dragon scal |       |       |       |     1 ||     1
  Dodge: Dodged            |    75 |    51 |    61 |   388 ||   575
  Block: Buckler           |       |       |       |   123 ||   123

Table legend: (Time is in decaauts)
 A = Elapsed time spent in this place.
 B = Non-inter-level travel time spent in this place.
 C = Inter-level travel time spent in this place.
 D = Time resting spent in this place.
 E = Time spent auto-exploring this place.
 F = Levels seen in this place.
 G = Mean time per level.
                   A        B        C        D        E       F      G
               +--------+--------+--------+--------+--------+-----+--------+
         Total |  15991 |  15311 |    680 |   3657 |   8145 |  14 | 1142.2 |
       Dungeon |  13382 |  12718 |    664 |   2004 |   7770 |  11 | 1216.5 |
        Temple |     54 |     38 |     16 |      0 |     23 |   1 |   54.0 |
          Lair |    255 |    255 |      0 |    173 |      0 |   1 |  255.0 |
      Ice Cave |   2299 |   2299 |      0 |   1480 |    352 |   1 | 2299.0 |
               +--------+--------+--------+--------+--------+-----+--------+

Top non-repeatable levels by time:
   IceCv: 2299 daAuts
     D:7: 1704 daAuts
    D:10: 1575 daAuts
     D:9: 1564 daAuts
    D:11: 1504 daAuts
     D:6: 1423 daAuts
     D:5: 1274 daAuts
     D:8: 985 daAuts
     D:3: 964 daAuts
     D:1: 905 daAuts
     D:4: 880 daAuts
     D:2: 599 daAuts
  Lair:1: 255 daAuts
  Temple: 54 daAuts
